 Dungeon Crawl Stone Soup version 0.24-a0-235-g3f03afcf10 (webtiles) character file.

Game seed: 4729373836056816406

289 Redear the Insei (level 6, -2/41 HPs)
             Began as an Octopode Transmuter on Apr 5, 2019.
             Slain by a kobold (4 damage)
             ... on level 4 of the Dungeon.
             The game lasted 00:12:04 (3669 turns).

Redear the Insei (Octopode Transmuter)              Turns: 3669, Time: 00:12:04

Health: -2/41      AC:  1    Str:  7 (10) XL:     6   Next: 31%
Magic:  8/9        EV: 13    Int: 14 (17) God:
Gold:   140        SH:  0    Dex:  9 (12) Spells: 8/9 levels left

rFire    . . .     SeeInvis .     - Unarmed
rCold    . . .     Gourm    .   (no shield)
rNeg     . . .     Faith    .   (helmet restricted)
rPois    .         Spirit   .   (no amulet)
rElec    .         Reflect  .   e - ring of flight {+Fly}
rCorr    .         Harm     .   (no ring)
MR       .....                  (no ring)
Stlth    +++.......             (no ring)
HPRegen  0.13/turn              (no ring)
MPRegen  0.11/turn              (no ring)
                                (no ring)
                                (no ring)

@: appendage (expiring), hasted, drained, very quick
A: almost no armour, stealthy swim, amphibious, 8 rings, constrict 8, tentacle
spike 3, camouflage 1, gelatinous body 1
a: End Transformation, Evoke Flight


You were on level 4 of the Dungeon.
You were not hungry.
One of your tentacles had a temporary spike.
You visited 1 branch of the dungeon, and saw 4 of its levels.

You collected 140 gold pieces.

Inventory:

Missiles
 a - 29 arrows
 d - 174 stones (quivered)
Armour
 c - a +0 shield
 s - a +0 large shield
Jewellery
 e - a ring of flight (left tentacle) {+Fly}
Wands
 j - a wand of polymorph (9)
Scrolls
 n - 2 scrolls of amnesia
 o - 2 scrolls of noise {unknown}
 q - a scroll of immolation {unknown}
 T - 2 scrolls of teleportation
Potions
 h - a potion of curing {unknown}
 i - a potion of lignification {unknown}
 k - a potion of resistance {rF+ rC+ rPois rElec rCorr}
 l - a potion of cancellation {unknown}
 m - a potion of ambrosia
 p - a potion of agility {Stlth+ Dex+5 EV+5 | @q4}
 t - a potion of brilliance {Archmagi Int+5 Wiz++}
 u - a potion of degeneration {!q}
 v - a potion of heal wounds {unknown}
Comestibles
 z - 9 rations


   Skills:
 + Level 2.9(2.1) Fighting
 + Level 3.4(2.6) Dodging
 + Level 3.7(2.9) Stealth
 + Level 4.1(3.3) Unarmed Combat
 - Level 2.0(1.2) Spellcasting
 + Level 2.8(2.0) Transmutations


You had 8 spell levels left.
You knew the following spells:

 Your Spells              Type           Power        Failure   Level  Hunger
q - Beastly Appendage     Tmut           #.....       11%         1    ##.....

Your spell library contained the following spells:

 Spells                   Type           Power        Failure   Level  Hunger
 Sticks to Snakes         Tmut           #.......     17%         2    ###....
 Spider Form              Tmut/Pois      #.........   45%         3    ####...
 Ice Form                 Ice/Tmut       #.......     86%         4    #####..
 Blade Hands              Tmut           #.........   97%         5    ######.


Dungeon Overview and Level Annotations

Branches:
Dungeon (4/15)
 Temple: D:4-7

Altars:


Innate Abilities, Weirdness & Mutations

You cannot wear most types of armour.
You are very stealthy in the water. (Stealth+)
You are amphibious.
You can wear up to eight rings at the same time.
You can use your tentacles to constrict eight enemies at once.
Your skin changes colour to match your surroundings (Stealth+).
Your rubbery body absorbs attacks. (AC +1, EV +1)
One of your tentacles bears a large vicious spike.


Message History

You take 5 damage, and have 12/41 hp.
You tentacle-slap the gnoll.
The gnoll is heavily wounded.
You constrict the gnoll, but do no damage.
The kobold closely misses you. The gnoll misses you. The gnoll hits you!
* * * LOW HITPOINT WARNING * * *
You take 6 damage, and have 6/41 hp.
Unknown command.
You release your grip on the gnoll.
The gnoll hits you.
* * * LOW HITPOINT WARNING * * *
You take 4 damage, and have 2/41 hp.
Unknown command.
Okay, then.
Unknown command.
Okay, then.
Unknown command.
Okay, then.
Unknown command.
It was a potion of haste.
You feel yourself speed up. The kobold hits you.
You die...

.............#)≈.≈##.............
............###≈.≈.#############.
............# .≈.≈# #.
............####(## #.
............#...(.# #.
####........'....(# #.
#........#(..g(# #.
#........#..gK## #######.
#........#...@# #.......
#........#(..(# #.......
#........#....# #.......
#........#....# #.......
#........#....+ #.......
#........###### #.......
########## ########


You could see 2 gnolls and a kobold.

Vanquished Creatures
  A howler monkey (D:4)
  An orc priest (D:4)
  An orc wizard (D:3)
  A gnoll (D:4)
  7 adders
  An ooze (D:2)
  2 worms
  3 leopard geckos
  11 orcs
  6 giant cockroaches
  13 goblins
  12 hobgoblins
  9 jackals
  6 bats
  7 frilled lizards
  7 kobolds
  6 rats
94 creatures vanquished.

Notes
Turn   | Place    | Note
-------+----------+-------------------------------------------
     0 | D:1      | Redear the Octopode Transmuter began the quest for the Orb.
     0 | D:1      | Reached XP level 1. HP: 13/13 MP: 3/3
    77 | D:1      | Reached XP level 2. HP: 11/18 MP: 5/5
   128 | D:1      | Reached skill level 1 in Stealth
   289 | D:1      | Reached XP level 3. HP: 20/23 MP: 6/6
   814 | D:2      | Reached skill level 2 in Stealth
   958 | D:2      | Reached skill level 2 in Fighting
   958 | D:2      | Reached XP level 4. HP: 21/29 MP: 5/7
   967 | D:2      | Found a faded altar of an unknown god.
  1968 | D:3      | Reached XP level 5. HP: 31/34 MP: 6/8
  1974 | D:3      | Reached skill level 3 in Dodging
  2052 | D:3      | Reached skill level 3 in Stealth
  2941 | D:4      | Reached skill level 4 in Unarmed Combat
  2941 | D:4      | Reached XP level 6. HP: 34/41 MP: 6/9
  2952 | D:4      | HP: 2/41 [orc priest/nerve-wracking pain (8)]
  3666 | D:4      | HP: 2/41 [gnoll (4)]
  3669 | D:4      | Slain by a kobold

Levels and vault maps discovered:
D:1:      onia_arrival_pentagram, layout_basic
D:2:      layout_basic, chequers_ecumenical_altar_simple, eino_tiny_chamber,
          minmay_domino_2
D:3:      layout_rooms, first_ration
D:4:      layout_gridville, okawaru_altar_gauntlet_db, uniq_edmund

Skill      XL: |  1  2  3  4  5 |
---------------+----------------+-----
Stealth        | 1 2 3 |  3.7
Fighting       | 2 |  2.9
Dodging        | 3 |  3.4
Unarmed Combat | 4 |  4.1
Spellcasting   | |  2.0
Transmutations | |  2.8

Action                   |  1- 3 |  4- 6 || total
-------------------------+-------+-------++-------
Melee: Unarmed           |    90 |   173 ||   263
       Constrict         |    23 |    42 ||    65
       Tentacles         |    10 |    18 ||    28
       Kick              |     6 |    17 ||    23
       Punch             |     4 |     2 ||     6
 Cast: Beastly Appendage |    10 |    18 ||    28
  Use: Scroll            |       |     6 ||     6
       Potion            |       |     2 ||     2
 Stab: Sleeping          |     6 |     4 ||    10
  Eat: Chunk             |       |     7 ||     7
       Ration            |       |     1 ||     1
Armor: Skin              |     8 |    20 ||    28
Dodge: Dodged            |    65 |   126 ||   191

Table legend:
 A = Non-vault XP
 B = Vault XP
 C = Vault XP percentage of total XP
 D = Non-vault monster count
 E = Vault monster count
 F = Vault count percentage of total count
                 A         B        C        D         E       F
            +---------+---------+-------+---------+---------+-------
      Total |     394 |      19 |   4.6 |      91 |       3 |   3.2
            +---------+---------+-------+---------+---------+-------
        D:1 |      45 |       0 |   0.0 |      27 |       0 |   0.0
        D:2 |     101 |       0 |   0.0 |      27 |       0 |   0.0
        D:3 |     133 |       0 |   0.0 |      28 |       0 |   0.0
        D:4 |     115 |      19 |  14.2 |       9 |       3 |  25.0
            +---------+---------+-------+---------+---------+-------
